AoeStats
← The Potato King

Lombardia

509845370Analyzed
2v2 RM · 5d ago on Sep 28, 2026· 47m 36s· 4 players
Game mode
Random Map
Map size
Medium (4 player)
Population
200
Speed
Normal
Resources
Standard
Victory
Conquest
Starting age
Dark Age
Ending age
Imperial Age
RankedLock teamsTeams togetherTeam positionsShared explorationLock speedFull tech treeHidden civsTurbo modeCheats
Victory
Defeat
🇮🇩 Franks · Indonesia
1178
+16
🇨🇳 Italians · China
1175
+16
🇬🇧 Franks · United Kingdom
1171
-16
🇬🇧 Franks · United Kingdom
1167
-16
The Potato King
5:41 Loom
11:23 Feudal Age
11:49 Double-Bit Axe
16:00 Castle Age
16:15 Scale Barding Armor
21:07 Bow Saw
24:44 Gold Mining
27:07 Squires
27:21 Fletching
29:28 Scale Mail Armor
29:41 Forging
30:23 Ballistics
31:56 Gold Shaft Mining
35:46 Wheelbarrow
37:32 Coinage
42:07 Imperial Age
39:58 Hand Cart
40:12 Chain Mail Armor
40:32 Iron Casting
42:10 Husbandry
42:08 Elite Throwing Axeman
43:19 Plate Mail Armor
43:40 Conscription
Earl J Turkey
4:30 Loom
11:39 Feudal Age
16:08 Castle Age
16:05 Scale Barding Armor
17:57 Double-Bit Axe
24:23 Elite Skirmisher
25:48 Bow Saw
26:02 Fletching
27:04 Bodkin Arrow
27:44 Ballistics
29:12 Husbandry
30:15 Padded Archer Armor
31:26 Chain Barding Armor
31:16 Forging
36:52 Imperial Age
35:42 Iron Casting
35:59 Gold Mining
36:56 Leather Archer Armor
36:55 Cavalier
38:43 Chemistry
38:47 Plate Barding Armor
41:07 Blast Furnace
43:06 Stone Mining
44:09 Paladin
45:17 Chivalry
Momo
6:49 Loom
9:25 Feudal Age
18:25 Forging
20:30 Castle Age
19:08 Wheelbarrow
21:04 Scale Barding Armor
20:57 Gold Mining
21:16 Husbandry
21:41 Double-Bit Axe
32:50 Gold Shaft Mining
33:03 Chain Barding Armor
32:50 Stone Mining
33:22 Bow Saw
33:00 Town Watch
33:19 Treadmill Crane
38:06 Imperial Age
36:31 Iron Casting
36:36 Hand Cart
36:22 Town Patrol
38:22 Scale Mail Armor
38:41 Cavalier
40:01 Chivalry
40:22 Conscription
41:24 Paladin
42:42 Town Patrol
43:34 Plate Barding Armor
45:51 Blast Furnace
timerunner
6:50 Loom
7:02 Loom
8:48 Feudal Age
13:53 Fletching
20:33 Castle Age
19:22 Padded Archer Armor
19:39 Double-Bit Axe
19:40 Horse Collar
20:24 Stone Mining
21:08 Pikeman
21:51 Squires
22:01 Bodkin Arrow
25:58 Gold Mining
26:21 Bow Saw
29:54 Ballistics
30:37 Wheelbarrow
31:04 Thumb Ring
30:20 Crossbowman
34:23 Imperial Age
31:38 Crossbowman
35:22 Bracer
35:38 Leather Archer Armor
36:05 Conscription
36:26 Stone Shaft Mining
36:29 Elite Genoese Crossbowman
36:48 Arbalester
39:32 Chemistry
42:32 Town Watch
43:03 Hand Cart
43:56 Two-Man Saw
43:12 Heavy Plow
Connection lost

Rejoining the realm…

Still unreachable

The connection could not be restored.

Session expired

The server has moved on; the page needs a fresh start.